 Dungeon Crawl Stone Soup version 0.23.2-30-g0e89c35649 (webtiles) character file.

Game seed: 3981247380202431639

149 Glalom the Conjurer (level 5, -2/28 HPs)
             Began as a Deep Elf Conjurer on June 14, 2019.
             Slain by a gnoll
             ... wielding a +0 whip
              (9 damage)
             ... on level 3 of the Dungeon.
             The game lasted 00:04:47 (2343 turns).

Glalom the Conjurer (Deep Elf Conjurer)             Turns: 2343, Time: 00:04:47

Health: -2/28      AC:  3    Str:  6    XL:     5   Next: 9%
Magic:  0/14       EV: 13    Int: 20    God:
Gold:   117        SH:  0    Dex: 15    Spells: 10/13 levels left

rFire    . . .     SeeInvis .   f - +2 short sword (speed)
rCold    . . .     Gourm    .   (no shield)
rNeg     . . .     Faith    .   b - +0 leather armour
rPois    .         Spirit   .   (no helmet)
rElec    .         Reflect  .   (no cloak)
rCorr    .         Harm     .   (no gloves)
MR       .....                  (no boots)
Stlth    ++........             (no amulet)
HPRegen  0.09/turn              (no ring)
MPRegen  0.14/turn              (no ring)

@: no status effects
A: no striking features
a: no special abilities


You were on level 3 of the Dungeon.
You were not hungry.

You visited 1 branch of the dungeon, and saw 3 of its levels.

You collected 117 gold pieces.

Inventory:

Hand Weapons
 f - a +2 short sword of speed (weapon)
Armour
 a - a +0 robe
 b - a +0 leather armour (worn)
Scrolls
 d - 4 scrolls of identify {unknown}
 e - 2 scrolls of remove curse {unknown}
Potions
 g - a potion of resistance {unknown}
 h - 2 potions of mutation {unknown}
 i - a potion of haste {unknown}
 j - a potion of lignification {unknown}
Comestibles
 c - 4 rations


   Skills:
 + Level 3.9 Dodging
 - Level 2.4 Stealth
 + Level 4.9 Spellcasting
 + Level 5.5 Conjurations


You had 10 spell levels left.
You knew the following spells:

 Your Spells              Type           Power        Failure   Level  Hunger
a - Magic Dart            Conj           ####         1%          1    None
b - Searing Ray           Conj           ####..       2%          2    #......

Your spell library contained the following spells:

 Spells                   Type           Power        Failure   Level  Hunger
 Dazzling Spray           Conj/Hex       ###...       19%         3    ##.....
 Iskenderun's Mystic Bla  Conj           ####....     19%         4    ####...
 Force Lance              Conj/Tloc      ###.....     52%         4    ####...
 Fulminant Prism          Conj/Hex       ###.......   52%         4    ####...


Dungeon Overview and Level Annotations

Branches:
Dungeon (3/15)

Altars:
Qazlal


Message History

There is an escape hatch in the floor here.
Casting: Magic Dart (safe; 1% risk of failure)
Confirm with . or Enter, or press ? or * to list all spells.
Aiming: Searing Ray (safe; 2% risk of failure)
Press: ? - help, Shift-Dir - straight line, f/p - kobold
Aim: a kobold, wielding a +0 dagger The searing ray hits the gnoll.
The gnoll is almost dead. (Press . to maintain the ray.)
Casting: Searing Ray (safe; 2% risk of failure)
Confirm with . or Enter, or press ? or * to list all spells.
You don't have enough magic to cast that spell.
You closely miss the gnoll.
The gnoll is almost dead.
The gnoll barely misses you.
All of the chunks of flesh in your inventory have rotted away.
You closely miss the gnoll.
The gnoll is almost dead.
The gnoll hits you with a +0 whip!
You die...

#########.#####
#....)....K...#
#..######.###.# #
##...## #.# #.# #
..#g....# #.###>##^#
.).(...## #....g...#
..###.## #####K#### ##
#.# #g# #.# #@# ##'##
#.### ##...## #.#.##
##.....## ##....##
##.......## ##......#
#.........####...#.#.#
'...).....'(...........
#........)####...###.###
##.......## #..## .#


You could see a gnoll, a goblin and a kobold.

Vanquished Creatures
  A crimson imp (D:2)
  3 gnolls (D:3)
  2 adders (D:2)
  An ooze (D:1)
  A worm (D:2)
  3 dart slugs (D:1)
  A leopard gecko (D:3)
  An orc (D:3)
  4 giant cockroaches
  3 goblins (D:1)
  4 hobgoblins
  6 jackals (D:1)
  7 kobolds
  2 quokkas (D:2)
  3 bats (D:2)
  5 frilled lizards
  5 rats
52 creatures vanquished.

Notes
Turn   | Place    | Note
-------+----------+-------------------------------------------
     0 | D:1      | Glalom the Deep Elf Conjurer began the quest for the Orb.
     0 | D:1      | Reached XP level 1. HP: 10/10 MP: 6/6
   237 | D:1      | Reached XP level 2. HP: 15/15 MP: 3/8
   473 | D:1      | Reached XP level 3. HP: 17/19 MP: 0/10
   552 | D:1      | Learned a level 2 spell: Searing Ray
   843 | D:1      | Reached skill level 5 in Conjurations
  1236 | D:2      | Found a stormy altar of Qazlal.
  1308 | D:2      | Reached XP level 4. HP: 24/24 MP: 1/12
  2307 | D:3      | Reached XP level 5. HP: 28/28 MP: 4/14
  2343 | D:3      | Slain by a gnoll

Skill      XL: |  1  2  3 |
---------------+----------+-----
Spellcasting   | 4 |  4.9
Conjurations   | 5 |  5.5
Dodging        | 3 |  3.9
Stealth        | |  2.4

Action                   |  1- 3 |  4- 6 || total
-------------------------+-------+-------++-------
Melee: Short sword       |    13 |     7 ||    20
 Cast: Magic Dart        |    70 |    37 ||   107
       Searing Ray       |     2 |     2 ||     4
  Eat: Chunk             |     1 |     3 ||     4
Armor: Leather armour    |     4 |     1 ||     5
Dodge: Dodged            |    13 |     9 ||    22
